 Dungeon Crawl Stone Soup version 0.28.0-49-g6dfe1f597d (webtiles) character file.

Game seed: 953458106805180901

224784 olmar the Hoplite (level 19, 0/132 HPs)
             Began as a Gargoyle Fighter on May 13, 2022.
             Was an Initiate of Gozag.
             Shot with a stone by a faun (10 damage)
             ... led by a satyr
             ... on level 4 of the Shoals.
             The game lasted 01:11:07 (35587 turns).

olmar the Hoplite (Gargoyle Fighter)               Turns: 35587, Time: 01:11:08

Health: 0/132      AC: 46    Str: 35    XL:     19   Next: 70%
Magic:  0/19       EV:  5    Int: 20    God:    Gozag
Gold:   7526       SH: 39    Dex: 13    Spells: 18/18 levels left

rFire   . . .      SeeInvis +   w - +10 morningstar of Xom's Pride {pain, *Rage rPois Int+10 Dex+4}
rCold   . . .      Faith    .   v - +18 shield of the Gong {rElec rN+ Will+ EV-5}
rNeg    + + +      Spirit   +   B - +7 pearl dragon scales "Mokko" {rElec rN+ Regen+ rCorr Int+2}
rPois   ∞          Reflect  +   e - +2 hat of the Bear Spirit {Spirit, *Rage Will++}
rElec   +          Harm     .   M - +2 cloak {rPois}
rCorr   +          Rampage  .   (no gloves)
Will    +++++      Rage     40% J - +2 pair of boots {Stlth+}
Stlth   +.........              E - amulet of Deirch {Reflect Str+6 SH+5}
HPRegen 1.12/turn               o - ring of see invisible
MPRegen 0.16/turn               b - ring of willpower

@: gold aura, on berserk cooldown, flying, studying Transmutations
A: sickness immunity, AC +14, big wings, negative energy resistance 1,
electricity resistance, torment resistance 1, petrification resistance
a: Renounce Religion, Potion Petition, Call Merchant, Bribe Branch


You were on level 4 of the Shoals.
You worshipped Gozag.
Gozag was greatly pleased with you.
You visited 6 branches of the dungeon, and saw 31 of its levels.
You also visited: Gauntlet and Desolation.

You collected 12242 gold pieces.
You spent 4054 gold pieces at shops.
You paid 662 gold pieces to Gozag.

Inventory:

Hand Weapons
 w - the +10 morningstar of Xom's Pride (weapon) {pain, *Rage rPois Int+10 Dex+4}
   (You found it on level 4 of the Lair of Beasts)

   In the hands of one skilled in necromantic magic, it inflicts extra damage on
   living creatures.
   Int:       It affects your intelligence (+10).
   Dex:       It affects your dexterity (+4).
   rPois:     It protects you from poison.
   *Rage:     It berserks you when you make melee attacks (+20% chance).
Missiles
 a - 4 curare-tipped darts (quivered)
 R - 3 throwing nets
Armour
 e - the +2 hat of the Bear Spirit (worn) {Spirit, *Rage Will++}
   (You bought it in a shop on level 2 of the Orcish Mines)

   Going berserk makes the wearer tougher, and they're slowed less afterward.
   *Rage:     It berserks you when you make melee attacks (+20% chance).
   Will:      It greatly increases your willpower.
 n - the +2 pearl dragon scales of Ashenzari's Anger {rF+ rN+ Int+2 Dex+4}
   (You took it off a minotaur in a Gauntlet)

   Int:       It affects your intelligence (+2).
   Dex:       It affects your dexterity (+4).
   rF:        It protects you from fire.
   rN:        It protects you from negative energy.
 v - the +18 shield of the Gong (worn) {rElec rN+ Will+ EV-5}
   (You found it on level 13 of the Dungeon)

   It is deafeningly noisy when blocking attacks.
   EV:        It affects your evasion (-5).
   rElec:     It insulates you from electricity.
   rN:        It protects you from negative energy.
   Will:      It increases your willpower.
 B - the +7 pearl dragon scales "Mokko" (worn) {rElec rN+ Regen+ rCorr Int+2}
   (You bought it in a shop on level 12 of the Dungeon)

   Int:       It affects your intelligence (+2).
   rElec:     It insulates you from electricity.
   rN:        It protects you from negative energy.
   Regen:     It increases your rate of health regeneration.
   rCorr:     It protects you from acid and corrosion.
 J - a +2 pair of boots of stealth (worn)
 M - a +2 cloak of poison resistance (worn)
Jewellery
 b - a ring of willpower (right hand)
 g - a +6 ring of dexterity
 o - a ring of see invisible (left hand)
 t - a ring of protection from cold
 y - the ring of Loelois {rElec rPois rCorr AC+4}
   (You took it off a deep elf knight on level 2 of the Elven Halls)

   [ring of protection]

   AC:        It affects your AC (+4).
   rElec:     It insulates you from electricity.
   rPois:     It protects you from poison.
   rCorr:     It protects you from acid and corrosion.
 E - the amulet of Deirch (around neck) {Reflect Str+6 SH+5}
   (You took it off an imperial myrmidon in the Desolation of Salt)

   [amulet of reflection]

   It reflects blocked missile attacks.
   Str:       It affects your strength (+6).
   SH:        It affects your SH (+5).
 I - the amulet "Wubar" {rC+ rN+ Regen+ SInv Stlth+}
   (You took it off a deep elf pyromancer on level 3 of the Elven Halls)

   [amulet of regeneration]

   rC:        It protects you from cold.
   rN:        It protects you from negative energy.
   SInv:      It lets you see invisible.
   Regen:     It increases your rate of health regeneration.
   Stlth:     It makes you more stealthy.
Wands
 f - a wand of flame (23)
 l - a wand of mindburst (8)
 r - a wand of paralysis (22)
 G - a wand of digging (5)
 W - a wand of acid (2)
 Z - a wand of polymorph (2)
Scrolls
 c - a scroll of holy word
 i - 6 scrolls of identify
 m - 11 scrolls of fear
 q - 4 scrolls of teleportation
 s - 10 scrolls of blinking
 u - 7 scrolls of enchant weapon
 L - a scroll of amnesia
 O - 5 scrolls of torment
 Q - a scroll of fog
 S - 6 scrolls of enchant armour
 T - 5 scrolls of brand weapon
 U - 3 scrolls of immolation
Potions
 d - 7 potions of might
 h - a potion of berserk rage
 j - 6 potions of lignification
 k - 5 potions of curing
 p - 6 potions of attraction
 A - 3 potions of ambrosia
 C - 5 potions of brilliance
 D - 2 potions of cancellation {unknown}
 F - a potion of haste
 K - a potion of resistance {unknown}
 N - 2 potions of magic {unknown}
 Y - 2 potions of mutation {unknown}
Miscellaneous
 H - a box of beasts (inert)
 P - a lightning rod (inert)
 X - a phial of floods (inert)


   Skills:
 + Level 18.7 Fighting
 + Level 19.5 Maces & Flails
 + Level 12.8 Armour
 + Level 23.0 Shields
 + Level 1.6 Evocations


You had 18 spell levels left.
You didn't know any spells.
Your spell library contained the following spells:

 Spells                   Type           Power      Damage    Failure   Level
 Beastly Appendage        Tmut           0%         N/A       38%         1
 Shock                    Conj/Air       0%         1d3       38%         1
 Slow                     Hex            0%         N/A       38%         1
 Summon Small Mammal      Summ           0%         N/A       38%         1
 Call Imp                 Summ           0%         N/A       52%         2
 Ensorcelled Hibernation  Hex/Ice        0%         N/A       52%         2
 Passwall                 Tmut/Erth      0%         N/A       52%         2
 Static Discharge         Conj/Air       0%         N/A       52%         2
 Wereblood                Tmut           0%         N/A       52%         2
 Call Canine Familiar     Summ           0%         N/A       77%         3
 Confusing Touch          Hex            0%         N/A       77%         3
 Dazzling Flash           Conj/Hex       0%         N/A       77%         3
 Frozen Ramparts          Ice            0%         1d2       77%         3
 Ignite Poison            Fire/Tmut/Pois 0%         N/A       77%         3
 Mephitic Cloud           Conj/Pois/Air  0%         N/A       77%         3
 Ozocubu's Armour         Ice            0%         N/A       77%         3
 Spider Form              Tmut/Pois      0%         N/A       77%         3
 Summon Guardian Golem    Hex/Summ       0%         N/A       77%         3
 Tukima's Dance           Hex            0%         N/A       77%         3
 Vampiric Draining        Necr           0%         2d6       77%         3
 Airstrike                Air            0%         N/A       99%         4
 Anguish                  Hex/Necr       0%         N/A       99%         4
 Dispel Undead            Necr           0%         3d6       99%         4
 Fulminant Prism          Conj/Hex       0%         3d6       99%         4
 Ice Form                 Ice/Tmut       0%         N/A       99%         4
 Iskenderun's Mystic Bla  Conj/Tloc      0%         2d3       99%         4
 Passage of Golubria      Tloc           0%         N/A       99%         4
 Petrify                  Tmut/Erth      0%         N/A       99%         4
 Sticky Flame             Conj/Fire      0%         2d3       99%         4
 Summon Ice Beast         Ice/Summ       0%         N/A       99%         4
 Summon Lightning Spire   Summ/Air       0%         N/A       99%         4
 Alistair's Intoxication  Tmut/Pois      0%         N/A       100%        5
 Borgnjor's Vile Clutch   Necr/Erth      0%         N/A       100%        5
 Freezing Cloud           Conj/Ice/Air   0%         6-21      100%        5
 Iskenderun's Battlesphe  Conj           0%         2d6       100%        5
 Lightning Bolt           Conj/Air       0%         1d11      100%        5
 Metabolic Englaciation   Hex/Ice        0%         N/A       100%        5
 Silence                  Hex/Air        0%         N/A       100%        5
 Summon Forest            Summ/Tloc      0%         N/A       100%        5
 Summon Mana Viper        Hex/Summ       0%         N/A       100%        5
 Yara's Violent Unravell  Hex/Tmut       0%         3d3       100%        5
 Conjure Ball Lightning   Conj/Air       0%         3x3d6     100%        6
 Eringya's Noxious Bog    Tmut/Pois      0%         N/A       100%        6
 Iron Shot                Conj/Erth      0%         9d1       100%        6
 Simulacrum               Ice/Necr       0%         N/A       100%        6
 Starburst                Conj/Fire      0%         6d3       100%        6
 Summon Cactus Giant      Summ           0%         N/A       100%        6
 Enfeeble                 Hex            0%         N/A       100%        7
 Malign Gateway           Summ/Tloc      0%         N/A       100%        7
 Orb of Destruction       Conj           0%         9d5       100%        7
 Spellforged Servitor     Conj/Summ      0%         N/A       100%        7
 Discord                  Hex            0%         N/A       100%        8
 Disjunction              Tloc           0%         N/A       100%        8
 Lehudib's Crystal Spear  Conj/Erth      0%         10d2      100%        8
 Necromutation            Tmut/Necr      0%         N/A       100%        8
 Summon Horrible Things   Summ           0%         N/A       100%        8
 Statue Form              Tmut/Erth      Unusable   N/A       N/A         6

Dungeon Overview and Level Annotations

Branches:
Dungeon (15/15)            Temple (1/1) D:7            Lair (6/6) D:11
 Shoals (4/4) Lair:4       Spider (0/4) Lair:3        Slime (0/5) Lair:6
    Orc (2/2) D:11            Elf (3/3) Orc:2        Vaults (0/5) D:13
 Depths (0/4) D:15        Desolation (visited)      Gauntlet (visited)

Altars:
Ashenzari
Dithmenos
Elyvilon
Fedhas
Gozag
Hepliaklqana
Kikubaaqudgha
Makhleb
Nemelex Xobeh
Okawaru
Qazlal
Trog
Uskayaw
Wu Jian
Xom
Yredelemnul
Zin
The Shining One
Beogh
Jiyva

Shops:
D:1 :   D:3 !   D:6 !   D:7 *   D:8 :   D:12 *   D:14 =   Orc:1 [   Orc:2 ([::*

Portals:
Trove: D:10 (give 2 scrolls of acquirement)

Annotations:
D:5 1 runed translucent door, ShadowYui's ghost, amateur MiFi
D:7 2 runed translucent doors
Lair:3 exclusion: oklob plant
Elf:1 3 runed translucent doors, issech's ghost, journeyman TrFi


Innate Abilities, Weirdness & Mutations

You are immune to sickness and miasma.
Your stone body is resilient. (AC +14)
You are immune to poison.
Your large and strong wings let you fly.
You resist negative energy. (rN+)
You are resistant to electric shocks. (rElec)
You are resistant to unholy torment.
You are immune to petrification.


Message History

GONNNNG!
You block the harpy's attack.
PTOANNNG!
The harpy claws you.
* * * LOW HITPOINT WARNING * * *
The merfolk javelineer throws a silver javelin.
The silver javelin pierces through your merfolk!!
The silver javelin pierces through you but does no damage.
* * * LOW HITPOINT WARNING * * *
The harpy claws you but does no damage. x2
The merfolk javelineer throws a javelin.
The javelin pierces through you!!
* * * LOW HITPOINT WARNING * * *
The harpy is distracted by your dazzling golden aura.
The harpy screeches!
You hear a shout!
You hear an angry hiss.
Unknown command.
Unknown command.
Unknown command.
Unknown command.
Unknown command.
Unknown command.
Unknown command.
Unknown command.
Unknown command.
Unknown command.
Unknown command.
Unknown command.
Unknown command.
Unknown command.
Unknown command.
Unknown command.
Blink to where?
Press: ? - help, Dir - move target
As you read the scroll of blinking, it crumbles to dust.
The harpy is no longer distracted by gold.
The harpy claws your merfolk! The harpy claws your merfolk.
The faun unwields a +0 spear.
The faun wields a +0 hunting sling.
The faun shoots a stone.
The stone hits you!
You die...
Your body crumbles into a pile of gold.

##.≈≈≈≈≈≈≈≈≈≈.. ≈≈≈≈≈≈≈≈≈≈≈≈≈≈..
≈ ≈≈≈≈≈≈.≈≈≈≈≈≈≈... ≈≈
≈.≈≈≈..≈≈≈≈≈≈≈..# ≈≈≈≈≈≈≈..
≈.≈≈≈≈≈≈≈≈m≈≈...# .≈≈≈≈≈≈..
≈≈≈≈≈≈≈.≈≈≈≈≈...###..≈≈≈≈≈≈.#
≈≈≈≈≈≈≈≈≈≈H≈≈≈≈≈≈..≈≈≈≈≈≈≈≈.#
≈≈≈≈≈≈≈≈≈H≈m≈≈≈≈@≈≈≈≈≈≈c≈≈..#
≈≈≈≈≈≈≈H≈H≈≈≈≈≈≈≈≈≈≈≈≈≈≈≈≈..#
≈≈≈≈≈≈.m.m≈≈≈≈≈≈≈≈≈≈≈≈≈≈≈.$.##
≈≈≈≈≈..##t≈≈≈≈≈≈≈≈≈≈≈≈≈≈≈≈...####
≈≈≈≈mm..m≈≈≈≈≈≈≈≈≈≈≈≈≈≈≈≈..$.$<.#
.≈≈.....≈≈≈≈≈≈≈≈≈≈≈≈≈≈≈≈≈..$mm≈S#
........≈≈≈≈≈≈≈≈≈≈≈≈≈≈≈≈≈..m.mmS#
...#...≈≈≈≈≈≈≈≈≈≈≈≈≈≈≈≈≈≈...mmmSt
...##.≈.≈≈≈≈≈≈≈≈ ≈≈≈≈≈≈.≈.E##m


You could see a merfolk javelineer, a snapping turtle, a faun, 3 harpies and 2
friendly merfolk.

Vanquished Creatures
  Saint Roka (Elf:3)
  Nikola (Shoals:1)
  Jorgrun (D:11)
  3 deep elf blademasters
  2 deep elf master archers (Elf:3)
  Kirke (D:14)
  Agnes (Elf:1)
  10 deep elf sorcerers (Elf:3)
  An orc warlord (Orc:2)
  5 imperial myrmidons (Desolation)
  The ghost of Bearnado the Impaler, a journeyman MiBe of Trog (Orc:1)
  3 deep elf elementalists (Elf:3)
  The ghost of Rudyous the Fighter, a journeyman MiBe of Trog (Lair:6)
  5 deep elf demonologists
  Nessos (D:15)
  A minotaur (Gauntlet)
  6 deep elf annihilators (Elf:3)
  A halazid warlock (Desolation)
  Snorg (D:12)
  4 deep elf death magi (Elf:3)
  Josephine (Shoals:1)
  2 merfolk javelineers (Shoals:4)
  9 ragged hierophants (Desolation)
  A merfolk impaler (Shoals:4)
  6 deep elf high priests
  Harold (Lair:2)
  5 servants of whispers (Desolation)
  A vault guard (D:13)
  Erolcha (D:12)
  A catoblepas (Lair:6)
  8 peacekeepers
  14 hydras
  A merfolk avatar (Shoals:2)
  11 boulder beetles
  An ice dragon (Elf:3)
  3 centaur warriors
  A death knight (D:13)
  7 merfolk aquamancers
  2 tengu warriors (D:15)
  2 satyrs
  4 death yaks
  5 two-headed ogres
  A hell hog (Gauntlet)
  An orc high priest (Orc:2)
  A deep troll shaman (Lair:6)
  23 deep elf knights
  A skeletal warrior (D:13)
  Sonja (Lair:3)
  A fire crab (shapeshifter) (D:14)
  16 sea snakes
  2 wizards
  An orange crystal statue (D:15)
  5 ironbound convokers (Desolation)
  2 lindwurms (Lair:6)
  4 harpies (Shoals:4)
  Pikel (D:8)
  13 deep elf archers
  24 deep elf zephyrmancers
  6 orc sorcerers
  22 deep elf pyromancers
  6 orc knights
  A manticore (shapeshifter) (D:15)
  8 fauns
  21 ugly things
  4 cyclopes
  7 manticores
  A moth of wrath (Gauntlet)
  2 water nymphs
  Maurice (Orc:2)
  15 elephants
  3 merfolk sirens
  3 guardian serpents (Desolation)
  4 molten gargoyles (Desolation)
  4 black mambas
  2 torpor snails (Lair:3)
  A rime drake (Lair:4)
  18 cane toads
  11 komodo dragons
  An unseen horror (D:13)
  2 tengu conjurers (D:14)
  3 polar bears
  A queen bee (shapeshifter) (D:15)
  5 trolls
  17 merfolk
  5 wind drakes
  Grinder (D:4)
  57 saltlings
  2 hornets
  3 dream sheep
  10 slime creatures
  A snapping turtle (Shoals:3)
  22 blink frogs
  A meliai zombie (D:11)
  A jumping spider (shapeshifter) (D:14)
  3 air elementals
  A jumping spider (Lair:3)
  3 shadows
  3 culicivoras (Lair:3)
  6 wraiths
  5 basilisks
  12 water elementals
  47 yaks
  3 wyverns
  3 fire bats (Gauntlet)
  3 fire elementals
  11 humans (D:13)
  2 vampire mosquitoes (D:13)
  4 redbacks (Lair:3)
  4 steam dragons
  6 wargs
  A two-headed ogre zombie (D:11)
  An acid dragon (D:8)
  17 water moccasins
  A hell hound (Gauntlet)
  3 ice beasts
  3 black bears
  4 necrophages
  37 orc warriors
  12 wolves
  8 ogres
  10 centaurs
  A lemure (D:7)
  2 phantoms (D:11)
  Blork the orc (D:4)
  2 gnoll sergeants
  3 earth elementals
  15 bullfrogs
  3 water moccasin zombies (D:6)
  4 scorpions
  2 wyvern skeletons (D:7)
  A troll zombie (D:11)
  A wight (D:7)
  3 howler monkeys (D:10)
  2 vampire bats (Lair:4)
  3 bullfrog zombies
  13 centaur zombies
  2 jellies
  3 hounds
  29 orc priests
  A bullfrog skeleton (D:4)
  A centaur skeleton (D:7)
  Ijyb (D:5)
  6 hell rats (Lair:6)
  2 iguanas (D:5)
  26 orc wizards
  A killer bee zombie (D:6)
  6 ogre zombies (D:11)
  A hound zombie (D:5)
  10 adders
  13 gnolls
  2 shadow imps
  A white imp (Gauntlet)
  5 worms
  A dart slug (D:1)
  110 orcs
  6 ball pythons
  12 bats
  6 endoplasms
  A giant cockroach (D:3)
  4 goblins
  15 hobgoblins
  4 jackals (D:1)
  5 quokkas
  5 frilled lizards
  6 goblin zombies (D:11)
  4 hobgoblin zombies (D:11)
  4 kobolds
  An orc skeleton (D:11)
  14 orc zombies (D:11)
  9 rats
1092 creatures vanquished.

Vanquished Creatures (others)
  24 dancing weapons
  2 deep elf knights (Elf:3)
  2 deep elf zephyrmancers
  3 fauns (Shoals:1)
  2 manticores
  A merfolk (Shoals:1)
  A saltling (Desolation)
  A snapping turtle (Shoals:1)
  A wraith (Shoals:1)
  Edmund (D:4)
  6 orcs
  7 fungi
  99 plants
  2 withered plants (Desolation)
152 creatures vanquished.

Grand Total: 1244 creatures vanquished

Notes
Turn   | Place    | Note
-------+----------+-------------------------------------------
     0 | D:1      | olmar the Gargoyle Fighter began the quest for the Orb.
     0 | D:1      | Reached XP level 1. HP: 14/14 MP: 1/1
   172 | D:1      | Reached XP level 2. HP: 16/19 MP: 2/2
   589 | D:1      | Found Xucvayss's Book Emporium.
   745 | D:1      | Reached XP level 3. HP: 23/23 MP: 3/3
  1779 | D:2      | Reached XP level 4. HP: 29/29 MP: 4/4
  1918 | D:2      | Found a faded altar of an unknown god.
  3036 | D:3      | Found Jiby's Distillery.
  3054 | D:3      | Bought a potion of curing for 33 gold pieces
  3054 | D:3      | Bought a potion of haste for 110 gold pieces
  3135 | D:4      | Reached XP level 5. HP: 29/33 MP: 5/5
  3481 | D:4      | Noticed Blork the orc
  3481 | D:4      | Noticed Edmund
  3500 | D:4      | Killed Edmund
  3501 | D:4      | Killed Blork the orc
  3502 | D:4      | Reached skill level 4 in Shields
  3502 | D:4      | Reached XP level 6. HP: 8/38 MP: 6/6
  3861 | D:4      | Noticed Grinder
  3868 | D:4      | Paralysed by Grinder for 4 turns
  3873 | D:4      | Killed Grinder
  3874 | D:4      | Reached skill level 5 in Maces & Flails
  3874 | D:4      | Reached skill level 5 in Armour
  3874 | D:4      | Reached XP level 7. HP: 34/44 MP: 7/7
  4367 | D:5      | Entered Level 5 of the Dungeon
  4661 | D:5      | Reached skill level 5 in Fighting
  4721 | D:5      | Reached XP level 8. HP: 49/49 MP: 8/8
  5069 | D:5      | Found a runed translucent door.
  5070 | D:5      | Noticed ShadowYui's ghost (amateur MiFi)
  5071 | D:5      | Noticed Ijyb
  5091 | D:5      | Killed Ijyb
  5875 | D:6      | Reached skill level 5 in Shields
  6005 | D:6      | Found Yruille's Distillery.
  6011 | D:6      | Bought a potion of heal wounds for 70 gold pieces
  6089 | D:6      | Reached XP level 9. HP: 55/55 MP: 9/9
  7038 | D:7      | Found a large runed translucent door.
  7038 | D:7      | Found a large runed translucent door.
  7223 | D:7      | Found Gunorph's Assorted Antiques.
  7287 | D:7      | Found an ancient bone altar of Kikubaaqudgha.
  7675 | D:7      | Noticed an eight-headed hydra
  7675 | D:7      | Noticed a troll
  7687 | D:7      | Noticed a manticore
  7710 | D:7      | Killed a manticore
  7711 | D:7      | Reached skill level 10 in Maces & Flails
  7711 | D:7      | Reached skill level 6 in Shields
  8001 | D:7      | Reached XP level 10. HP: 63/63 MP: 10/10
  8208 | D:7      | Found a large runed translucent door.
  8209 | D:7      | Found a large runed translucent door.
  8558 | D:7      | Found a staircase to the Ecumenical Temple.
  8667 | Temple   | Entered the Ecumenical Temple
  8806 | Temple   | Became a worshipper of Gozag Ym Sagoz the Greedy
  8874 | D:7      | Killed an eight-headed hydra
  8947 | D:8      | Noticed Pikel
  9068 | D:8      | Found Uhefann's Book Shoppe.
  9358 | D:8      | Found a sparkling altar of Nemelex Xobeh.
  9408 | D:8      | Found a broken altar of Ashenzari.
  9502 | D:8      | Reached skill level 7 in Shields
  9593 | D:8      | Killed Pikel
  9824 | D:8      | Noticed a two-headed ogre
  9832 | D:8      | Killed a two-headed ogre
 10276 | D:9      | Reached XP level 11. HP: 69/69 MP: 11/11
 10368 | D:9      | Noticed a two-headed ogre
 10402 | D:9      | Killed a two-headed ogre
 10678 | D:10     | Entered Level 10 of the Dungeon
 10692 | D:10     | Found a portal to a secret trove of treasure.
 10752 | D:10     | Noticed a two-headed ogre
 10770 | D:10     | Killed a two-headed ogre
 11168 | D:10     | Found a blossoming altar of Fedhas.
 11241 | D:11     | Noticed a red ugly thing
 11260 | D:11     | Killed a red ugly thing
 11289 | D:11     | Noticed a two-headed ogre
 11299 | D:11     | Killed a two-headed ogre
 11453 | D:11     | Reached skill level 8 in Shields
 11567 | D:11     | Found a staircase to the Orcish Mines.
 11962 | D:11     | Reached skill level 10 in Fighting
 11962 | D:11     | Reached XP level 12. HP: 77/77 MP: 12/12
 12057 | D:11     | Found a basalt altar of Yredelemnul.
 12100 | D:11     | Found a staircase to the Lair.
 12363 | D:11     | Noticed a boulder beetle
 12375 | D:11     | Killed a boulder beetle
 12829 | Orc:1    | Entered Level 1 of the Orcish Mines
 12832 | Orc:1    | Noticed Jorgrun
 12923 | Lair:1   | Entered Level 1 of the Lair of Beasts
 13159 | Lair:1   | Reached skill level 9 in Shields
 13854 | Lair:2   | Noticed Harold
 13873 | Lair:2   | Killed Harold
 14563 | Lair:3   | Noticed Sonja
 14570 | Lair:3   | Killed Sonja
 14670 | Lair:3   | Reached XP level 13. HP: 85/85 MP: 13/13
 14731 | Lair:3   | Reached skill level 15 in Maces & Flails
 14827 | Lair:3   | Found a hole to the Spider Nest.
 14970 | Lair:3   | Reached skill level 10 in Shields
 15186 | Lair:3   | Reached skill level 10 in Armour
 16000 | Lair:3   | Reached skill level 11 in Shields
 16786 | Lair:3   | Identified the +1 ring mail of Insatiable Hunger {Will+
                  | Regen+ Dex+2}
 17082 | Lair:4   | Reached skill level 12 in Shields
 17284 | Lair:4   | Found a staircase to the Shoals.
 17310 | Lair:4   | Gained mutation: Your large and strong wings let you fly.
                  | [Gargoyle growth]
 17310 | Lair:4   | Reached XP level 14. HP: 94/94 MP: 14/14
 17342 | Lair:4   | Identified the +10 morningstar of Xom's Pride {pain, *Rage
                  | rPois Int+10 Dex+4}
 18661 | Lair:6   | Entered Level 6 of the Lair of Beasts
 18882 | Lair:6   | Reached skill level 13 in Shields
 19004 | Lair:6   | Found a staircase to the Slime Pits.
 19004 | Lair:6   | Found a viscous altar of Jiyva.
 19069 | Lair:6   | Found a runed translucent door.
 19651 | Lair:6   | Reached skill level 14 in Shields
 20412 | Lair:6   | Noticed Rudyous's ghost (journeyman MiBe)
 20435 | Lair:6   | Killed Rudyous's ghost
 20436 | Lair:6   | Reached XP level 15. HP: 101/101 MP: 15/15
 20729 | D:11     | Killed Jorgrun
 20930 | Orc:1    | Found a runed translucent door.
 20931 | Orc:1    | Noticed Bearnado's ghost (journeyman MiBe)
 20982 | Orc:1    | Found Eskotav's Armour Boutique.
 21262 | Orc:1    | Killed Bearnado's ghost
 21650 | Orc:2    | Entered Level 2 of the Orcish Mines
 21935 | Orc:2    | Noticed Maurice
 21945 | Orc:2    | Killed Maurice
 21978 | Orc:2    | Found Itoi's Book Boutique.
 22349 | Orc:2    | Found Paonk's Assorted Antiques.
 22436 | Orc:2    | Bought the +2 hat of the Bear Spirit {Spirit, *Rage Will++}
                  | for 703 gold pieces
 22436 | Orc:2    | Bought a potion of haste for 240 gold pieces
 22436 | Orc:2    | Found the +2 hat of the Bear Spirit {Spirit, *Rage Will++}
 22534 | Orc:2    | Found a staircase to the Elven Halls.
 22662 | Orc:2    | Noticed an orc warlord
 22712 | Orc:2    | Reached skill level 15 in Shields
 22789 | Orc:2    | Killed an orc warlord
 22832 | Orc:2    | Found Joanigoss's Antique Weapon Shoppe.
 22836 | Orc:2    | Found Yvien's Antique Armour Emporium.
 23143 | Orc:2    | Found Zaesuimu's Book Boutique.
 23266 | D:12     | Bought scorched pearl dragon scales for 2898 gold pieces
 23266 | D:12     | Identified the +7 pearl dragon scales "Mokko" {rElec rN+
                  | Regen+ rCorr Int+2} (You bought it in a shop on level 12 of
                  | the Dungeon)
 23322 | D:12     | Found a gate leading to a gauntlet.
 23349 | Gauntlet | Entered a Gauntlet
 23349 | Gauntlet | Found a transporter.
 23356 | Gauntlet | Found a transporter.
 23358 | Gauntlet | Found a transporter.
 23371 | Gauntlet | Found a transporter.
 23380 | Gauntlet | Found a transporter.
 23401 | Gauntlet | Found a transporter.
 23402 | Gauntlet | Found a runed translucent door.
 23412 | Gauntlet | Found a transporter.
 23420 | Gauntlet | Found a runed translucent gate.
 23420 | Gauntlet | Found a runed translucent gate.
 23420 | Gauntlet | Found a runed translucent gate.
 23424 | Gauntlet | Found a transporter.
 23441 | Gauntlet | Found a runed translucent door.
 23445 | Gauntlet | Found a transporter.
 23445 | Gauntlet | Found a transporter.
 23447 | Gauntlet | Found a transporter.
 23468 | Gauntlet | Found a transporter.
 23470 | Gauntlet | Found a transporter.
 23516 | Gauntlet | Found a transporter.
 23734 | Gauntlet | Reached skill level 15 in Fighting
 23753 | Gauntlet | Identified the -3 cloak of Gestures {Int+3}
 23765 | Gauntlet | Found the +10 Black Knight's barding {ponderous, rPois rN+}
 23765 | Gauntlet | Identified the +1 broad axe "Pougaus" {antimagic, rN+ Str-5
                  | SInv}
 23765 | Gauntlet | Identified the +2 pearl dragon scales of Ashenzari's Anger
                  | {rF+ rN+ Int+2 Dex+4}
 23806 | Gauntlet | Identified the +4 trident "Gioco" {vorpal, +Blink rC+ rN+
                  | rCorr}
 23879 | D:12     | Noticed Snorg
 23888 | D:12     | Killed Snorg
 24348 | D:12     | Noticed Erolcha
 24355 | D:12     | Killed Erolcha
 25028 | D:13     | Found a gate to the Vaults.
 25050 | D:13     | Found the +18 shield of the Gong {rElec rN+ Will+ EV-5}
 25311 | D:13     | Reached skill level 16 in Shields
 25750 | D:14     | Noticed Kirke
 25759 | D:14     | Killed Kirke
 25848 | D:14     | Reached XP level 16. HP: 108/108 MP: 14/16
 25875 | D:14     | Found Soves's Jewellery Boutique.
 26409 | D:15     | Entered Level 15 of the Dungeon
 26431 | D:15     | Noticed Nessos
 26464 | D:15     | Killed Nessos
 26552 | D:15     | Reached skill level 17 in Shields
 26887 | D:15     | Found a staircase to the Depths.
 27901 | Elf:1    | Entered Level 1 of the Elven Halls
 27964 | Elf:1    | Noticed Agnes
 28042 | Elf:1    | Reached skill level 18 in Shields
 28444 | Elf:1    | Found a runed translucent gate.
 28444 | Elf:1    | Noticed issech's ghost (journeyman TrFi)
 28445 | Elf:1    | Found a runed translucent gate.
 28446 | Elf:1    | Identified the +6 scimitar "Taniwn" {vamp, Will++ rCorr}
 28447 | Elf:1    | Found a runed translucent gate.
 28737 | Elf:1    | Killed Agnes
 29122 | Elf:2    | Identified the ring of Loelois {rElec rPois rCorr AC+4}
 29144 | Elf:2    | Reached XP level 17. HP: 116/116 MP: 17/17
 29186 | Elf:2    | Found a crumbling gateway.
 29190 | Desolati | Entered the Desolation of Salt
 29357 | Desolati | Reached skill level 19 in Shields
 29376 | Desolati | Identified the +5 shortbow of the Sun {vorpal, Fly rElec
                  | rF++ SInv}
 29376 | Desolati | Identified the amulet of Deirch {Reflect Str+6 SH+5}
 29495 | Desolati | Identified the +3 quarterstaff of Putrescence {vamp, Will+}
 29751 | Desolati | Got the Catalogue of the Glacier
 29759 | Desolati | Identified the +4 ring mail "Qihopao" {Str+3}
 30023 | Desolati | Found the +7 mace of Variability {chain chaos}
 30023 | Desolati | Found the +1 robe of Vines {NoPotionHeal Regen++++}
 30028 | Desolati | Got the Disquisition on Calling and the Glacier
 30038 | Desolati | Identified the ring "Axyhar" {Wiz Stlth+}
 30184 | Desolati | Got the Disquisition on Aerial Moulding
 30186 | Desolati | Got Fexkad's Almanac of Enchanting Confrontation
 30503 | Elf:2    | Found a runed translucent gate.
 30503 | Elf:2    | Found a runed translucent gate.
 30504 | Elf:2    | Identified the +7 long sword "Exyrucink" {vorpal, rF+}
 30509 | Elf:2    | Found a runed translucent gate.
 30714 | Elf:2    | Reached skill level 20 in Shields
 31043 | Elf:2    | Noticed a deep elf blademaster
 31068 | Elf:2    | Reached XP level 18. HP: 85/124 MP: 12/18
 31088 | Elf:2    | Killed a deep elf blademaster
 31505 | Elf:3    | Entered Level 3 of the Elven Halls
 31514 | Elf:3    | Paralysed by an air elemental for 1 turns
 31527 | Elf:3    | Paralysed by an air elemental for 1 turns
 31658 | Elf:3    | Noticed Saint Roka
 31678 | Elf:3    | Killed Saint Roka
 31679 | Elf:3    | Reached skill level 21 in Shields
 31737 | Elf:3    | Noticed a deep elf master archer
 31739 | Elf:3    | Killed a deep elf master archer
 31830 | Elf:3    | Noticed a deep elf blademaster
 31839 | Elf:3    | Identified the +6 scale mail of Oblivion {Str+2}
 31839 | Elf:3    | Noticed a deep elf master archer
 31840 | Elf:3    | Identified the +5 quarterstaff of the Pits of Slime {flame,
                  | Dex+3}
 31843 | Elf:3    | Killed a deep elf blademaster
 31849 | Elf:3    | Killed a deep elf master archer
 31853 | Elf:3    | Noticed a deep elf blademaster
 31883 | Elf:3    | Killed a deep elf blademaster
 31954 | Elf:3    | Identified the +2 broad axe of Cixocham {antimagic, Int+3}
 32131 | Elf:3    | Noticed a Brimstone Fiend
 32134 | Elf:3    | Killed a ghostly deep elf blademaster
 32135 | Elf:3    | Noticed a Tzitzimitl
 32138 | Elf:3    | Noticed a Tzitzimitl
 32283 | Elf:3    | Reached XP level 19. HP: 108/130 MP: 15/19
 32311 | Elf:3    | Identified the +10 dagger of Terra Cotta {vorpal, rPois}
 32373 | Elf:3    | Reached skill level 22 in Shields
 32423 | Elf:3    | Reached skill level 1 in Evocations
 32625 | Elf:3    | Identified the amulet "Wubar" {rC+ rN+ Regen+ SInv Stlth+}
 32983 | Elf:3    | Found a runed translucent door.
 33569 | Shoals:1 | Entered Level 1 of the Shoals
 33589 | Shoals:1 | Noticed Nikola
 33596 | Shoals:1 | Noticed Josephine
 33621 | Shoals:1 | Killed Nikola
 33623 | Shoals:1 | Killed Josephine
 35267 | Shoals:4 | Entered Level 4 of the Shoals
 35372 | Shoals:4 | HP: 5/132 [manticore/volley of spikes (15)]
 35539 | Shoals:4 | Reached skill level 23 in Shields
 35587 | Shoals:4 | Shot with a stone by a faun

Illustrated notes

Levels and vault maps discovered:
D:1:      dpeg_arrival_short_road, layout_basic, serial_shops,
          nicolae_shop_statue_plus
D:2:      layout_basic, chequers_ecumenical_altar_simple
D:3:      layout_basic, serial_shops, nicolae_diamond_shop, minmay_statues_item
D:4:      layout_loops_ring, uniq_blork_the_orc, uniq_edmund, uniq_grinder
D:5:      layout_loops_ring, gammafunk_ghost_grave, grunt_decor_one_mirror,
          uniq_ijyb
D:6:      layout_basic, serial_shops, shop, chequers_decorated_corner
D:7:      layout_basic, kiku_gazebo_pond_becter, minmay_temple_entry_fiery,
          serial_shops, nicolae_shop_advertising_works
          [nicolae_subvault_shop_adworks], nicolae_water_bricks,
          minmay_hollow_rounded_squares
D:8:      layout_cave_pods, mainiacjoe_overflow_big_doors, serial_shops,
          nicolae_shop_behind_doors, uniq_pikel
D:9:      layout_roguey, special_room [special_room_orc]
D:10:     layout_roguey, amcnicky_altar_gilded, enter_trove_0
D:11:     kennysheep_spiral_hall, layout_layer_cave, erik_lair_orcish_takeover,
          zombieorc2_lemuel, nicolae_yredelemnul_corpse_copse
D:12:     lemuel_ice_spiral_2, layout_basic, gauntlet_entry_generic,
          corexii_mini_fake_secret_closet, uniq_erolcha, uniq_snorg
D:13:     layout_rooms, ximxim_vaults_locker_room, serial_corexii_hall,
          corexii_hall_statues_u, chequers_hall_statues_corner_a,
          minmay_increasing_density
D:14:     layout_roguey, serial_shops,
          nicolae_shop_temple_entry_statues_fountains, st_stairs_7, uniq_kirke
D:15:     hangedman_depths_entry_try_elsewhere_first, layout_stronghold,
          minmay_misc_feat_rows, minmay_misc_feat_encased, minivault_16,
          hangedman_decor_peaks_small, uniq_nessos
Temple:   hc_temple_tempest_star
Lair:1:   layout_chaotic_city, grunt_forest_small_clearing_treed
Lair:2:   layout_gridlike, chequers_serial_rivers_micro_e, serial_bayou_shore_a,
          uniq_harold
Lair:3:   nzn_winding_woodlands_large [nzn_winding_woodlands_5x5_perimeter,
          nzn_winding_woodlands_5x15_default, nzn_winding_woodlands_hourglass,
          nzn_winding_woodlands_center_pierced_h,
          nzn_winding_woodlands_15x15_five_gardens,
          nzn_winding_woodlands_center_triple_pond,
          nzn_winding_woodlands_5x5_default,
          nzn_winding_woodlands_5x15_sidewinder,
          nzn_winding_woodlands_5x5_cross], layout_chaotic_city,
          nicolae_spider_entry_tight_spaces, serial_bayou_shore_b, uniq_sonja
Lair:4:   layout_regular_city, minmay_shoals_entry_centaurs, roderic_batcave,
          grunt_megastairs_4
Lair:5:   layout_gridlike, beast_lair_carwin_3, infiniplex_staircase_pool_2,
          serial_bayou_shore_b
Lair:6:   grunt_lair_end_beastmaster, layout_misc_corridors, slime_altar_1,
          ebering_ghost_reflecting_pool, hibernation_bobbens
Shoals:1: layout_shoals, uniq_josephine, uniq_nikola
Shoals:2: layout_shoals
Shoals:3: layout_shoals, nicolae_shoals_stone_sculpture_thing
Shoals:4: shoals_end_simple, layout_shoals, portal_ice_cave_entry_ice_statue_two
Orc:1:    cheibrodos_orc_bank, layout_caves, gammafunk_ghost_grave,
          serial_shops, shop, uniq_jorgrun
Orc:2:    grunt_orc_community_town_hall, layout_caves,
          grunt_orc_community_big_house_1, grunt_orc_community_big_house_1,
          grunt_orc_community_house_1, grunt_orc_community_house_3,
          grunt_orc_community_house_3, grunt_orc_community_house_2,
          grunt_orc_community_house_1, grunt_orc_community_house_2,
          serial_shops, shop_fountains, uniq_maurice
Elf:1:    nicolae_elf_arrival_fired_up, layout_gridlike,
          gammafunk_ghost_tricky_traps, minivault_28, uniq_agnes
Elf:2:    elven_hall_of_blades_hangedman_original [mumra_blade_entry_bloodbath],
          layout_geoelf_octagon, portal_desolation_entry_nicolae_nacl,
          amcnicky_mini_pool_small
Elf:3:    minmay_elf_hall_spiked, layout_rooms, minivault_13, uniq_saint_roka

Skill      XL: |  1  2  3  4  5  6  7  8  9 10 11 12 13 14 15 16 17 18 19 |
---------------+----------------------------------------------------------+-----
Maces & Flails | 3 4 5 6 8 10 12 13 14 15 16 17 18 19 | 19.5
Armour         | 4 5 6 7 8 9 10 11 12 | 12.8
Fighting       | 4 5 6 7 8 10 11 13 14 15 16 17 18 | 18.7
Shields        | 4 5 6 7 8 9 12 14 16 18 20 21 23 | 23.0
Evocations     | 1 |  1.6

Action                   |  1- 3 |  4- 6 |  7- 9 | 10-12 | 13-15 | 16-18 | 19-21 || total
-------------------------+-------+-------+-------+-------+-------+-------+-------++-------
Melee: Flail             |   145 |   129 |   399 |   842 |   471 |       |       ||  1986
       Morningstar       |       |       |       |       |   982 |  1270 |   359 ||  2611
Throw: Dart              |       |     3 |     3 |    11 |    12 |     7 |     4 ||    40
       Boomerang         |       |       |       |     1 |       |       |       ||     1
Invok: Call Merchant     |       |       |       |       |     1 |       |       ||     1
Evoke: Wand              |       |     5 |     5 |    27 |    10 |       |     3 ||    50
       Box of beasts     |       |       |       |     1 |       |     2 |     2 ||     5
       Lightning rod     |       |       |       |       |       |     4 |     5 ||     9
       Phial of floods   |       |       |       |       |       |     1 |     1 ||     2
  Use: Scroll            |       |     1 |       |    11 |     8 |     9 |     7 ||    36
       Potion            |       |       |     1 |     4 |       |     5 |     7 ||    17
 Stab: Paralysed         |       |       |     8 |    18 |     4 |       |       ||    30
       Confused          |       |       |     3 |       |       |       |       ||     3
       Sleeping          |       |       |       |     2 |     1 |       |       ||     3
       Distracted        |       |       |       |     2 |    16 |     6 |     8 ||    32
       Invisible         |       |       |       |     1 |       |       |       ||     1
       Petrified         |       |       |       |       |     5 |       |       ||     5
Armor: Scale mail        |    13 |       |       |       |       |       |       ||    13
       Chain mail        |    72 |    81 |       |       |       |       |       ||   153
       Ring mail         |       |     3 |   226 |   413 |   438 |       |       ||  1080
       Pearl dragon scal |       |       |       |       |    76 |   519 |   242 ||   837
Dodge: Dodged            |    62 |    46 |   164 |   257 |   249 |    79 |    51 ||   908
Block: Buckler           |    36 |    31 |    85 |   167 |       |       |       ||   319
       Tower shield      |       |       |       |    26 |  1189 |       |       ||  1215
       Kite shield       |       |       |       |       |    76 |  1678 |   637 ||  2391
       Reflection        |       |       |       |       |       |    77 |    78 ||   155
